 Dungeon Crawl Stone Soup version 0.32-a0-519-g08f29ac1c3 (webtiles) character file.

Game seed: 10478052806030594792

9 seren the Cutter (level 2, 0/22 HPs)
             Began as a Coglin Reaver on Feb 27, 2024.
             Succumbed to a kobold's poison
             ... on level 1 of the Dungeon.
             The game lasted 00:01:30 (431 turns).

seren the Cutter (Coglin Reaver)                     Turns: 431, Time: 00:01:31

Health: 0/22       AC:  4    Str: 11 (12) XL:     2   Next: 16%
Magic:  4/4        EV: 11    Int:  9 (12) God:
Gold:   19         SH:  0    Dex: 10 (12) Spells: 3/4 levels left

rFire   . . .        a - +0 short sword {Carlos}
rCold   . . .        e - orb {*Rage}
rNeg    . . .        b - +0 leather armour
rPois   .            (no helmet)
rElec   .            c - +0 cloak
rCorr   .            (no gloves)
SInv    .            (no boots)
Will    .....        (no amulet)
Stlth   +            (ring unavailable)
HPRegen 0.23/turn    (ring unavailable)
MPRegen 0.09/turn

%: random rage (20%)
@: lethally poisoned (0 -> -10), on berserk cooldown, slowed, revved, very slow
A: off-hand wielding, slow wielding, warmup strikes, no rings
a: no special abilities


You were on level 1 of the Dungeon.
You visited 1 branch of the dungeon, and saw 1 of its levels.

You collected 19 gold pieces.

Inventory:

Hand Weapons
 a - a +0 short sword (weapon) {Carlos}
Armour
 b - a +0 leather armour (worn)
 c - a +0 cloak (worn)
 e - an orb of wrath (worn)
Scrolls
 g - a scroll of torment {unknown}
 h - a scroll of enchant weapon {unknown}
 i - a scroll of summoning {unknown}
 j - a scroll of identify {unknown}
Potions
 f - a potion of attraction {unknown}


   Skills:
 + Level 2.1 Fighting
 + Level 2.8 Short Blades
 + Level 1.9 Dodging
 + Level 1.9 Spellcasting
 - Level 2.6 Conjurations
 + Level 0.5 Necromancy


You had 3 spell levels left.
You knew the following spells:

 Your Spells              Type           Power      Damage    Failure   Level
a - Kiss of Death         Conj/Necr      12%        2d6       22%         1

Your spell library contained the following spells:

 Spells                   Type           Power      Damage    Failure   Level
 Momentum Strike          Conj/Tloc      6%         3d8       36%         2
 Hailstorm                Conj/Ice       3%         3d5       61%         3


Dungeon Overview and Level Annotations

Branches:
Dungeon (1/15)

Altars:


Innate Abilities, Weirdness & Mutations

You can wield a second weapon in your off-hand.
It takes a long time for you to wield or remove held weapons.
Your first few attacks do less damage.
Your grasper-arms cannot wear rings.


Message History

The rat is heavily wounded.
The rat closely misses you.
A red film seems to cover your vision as you go berserk!
You feel yourself moving faster!
You feel mighty!
You hit the rat.
You kill the rat!
You see here a rat corpse.
Calm down first, please.
You feel a strong urge to attack something.
A kobold comes into view. It is wielding a +0 dagger of venom.
You feel your anger nearly subside.
You are no longer berserk.
You are exhausted.
You feel yourself slow down.
The kobold shouts!
You hit the kobold but do no damage. The kobold barely misses you.
The kobold hits you with a +0 dagger of venom.
You are poisoned.
You hit the kobold.
The kobold is heavily wounded.
You feel sick. The kobold closely misses you.
You hit the kobold.
The kobold is severely wounded.
You feel sick. The kobold hits you but does no damage.
You are more poisoned.
You hit the kobold but do no damage.
The kobold is severely wounded.
You feel very sick. The kobold closely misses you.
The kobold hits you but does no damage.
You are lethally poisoned!
You hit the kobold.
You kill the kobold!
* * * LOW HITPOINT WARNING * * *
You feel very sick.
Found a stone staircase leading down.
* * * LOW HITPOINT WARNING * * *
You feel very sick.
You see here a +0 dagger of venom.
It was a potion of degeneration.
There was something very wrong with that liquid.
You feel weakened.
You feel dopey.
You feel clumsy.
You die...

### ..# #
#.# #
#.#.#.#
#####.#.#.#
..^......>#
#@#.# #.#.#
#.#.# #.#.#
####..|#
..##..##
#.#.#
#.##†.#
#.#.#
#.##..#
#.#.#
#.##..#


There were no monsters in sight!

Vanquished Creatures
  A ball python (D:1)
  A giant cockroach (D:1)
  A goblin (D:1)
  A kobold (D:1)
  A quokka (D:1)
  A bat (D:1)
  3 rats (D:1)
9 creatures vanquished.

Notes
Turn   | Place    | Note
-------+----------+-------------------------------------------
     0 | D:1      | seren the Coglin Reaver began the quest for the Orb.
     0 | D:1      | Reached XP level 1. HP: 16/16 MP: 3/3
     0 | D:1      | Noticed an octopode
     1 | D:1      | Noticed a vine stalker
     7 | D:1      | Noticed a spriggan
    12 | D:1      | Noticed a vampire
   287 | D:1      | Reached XP level 2. HP: 22/22 MP: 4/4
   431 | D:1      | Succumbed to a kobold's poison

Illustrated notes

Levels and vault maps discovered:
D:1:      shiori_arrival_whats_in_store_for_you, layout_basic,
          hellmonk_ecumenical_altar_pennies_from_heaven, minmay_misc_feat_alley

Action                     || total
---------------------------++-------
  Melee: Short sword       ||    44
    Use: Potion            ||     1
 Armour: Leather armour    ||    17
  Dodge: Dodged            ||    33

Table legend: (Time is in decaauts)
 A = Elapsed time spent in this place.
 B = Non-inter-level travel time spent in this place.
 C = Inter-level travel time spent in this place.
 D = Time resting spent in this place.
 E = Time spent auto-exploring this place.
 F = Levels seen in this place.
 G = Mean time per level.
                   A        B        C        D        E       F      G
               +--------+--------+--------+--------+--------+-----+--------+
         Total |    441 |    441 |      0 |     12 |    299 |   1 |  441.0 |
       Dungeon |    441 |    441 |      0 |     12 |    299 |   1 |  441.0 |
               +--------+--------+--------+--------+--------+-----+--------+

Top non-repeatable levels by time:
     D:1: 441 daAuts
